 Dungeon Crawl Stone Soup version 0.29.1-1-gd02db6906a (webtiles) character file.

Game seed: 14463023624031687231

487 Ashen the Magician (level 6, -3/44 HPs)
             Began as a Demonspawn Hedge Wizard on Oct 11, 2022.
             Was an Initiate of Vehumet.
             Slain by an ice beast (11 damage)
             ... on level 4 of the Dungeon.
             The game lasted 00:15:52 (6746 turns).

Ashen the Magician (Demonspawn Hedge Wizard)        Turns: 6746, Time: 00:15:52

Health: -3/44      AC:  5    Str: 11    XL:     6   Next: 89%
Magic:  2/12       EV: 12    Int: 23    God:    Vehumet [......]
Gold:   116        SH:  8    Dex: 12    Spells: 6/14 levels left

rFire   . . .      SeeInvis .   l - +1 rapier
rCold   . . .      Faith    .   (no shield)
rNeg    . . .      Spirit   .   b - +0 robe
rPois   +          Reflect  .   c - +0 hat
rElec   .          Harm     .   a - +2 cloak {rPois}
rCorr   .          Rampage  .   (no gloves)
Will    .....                   (no boots)
Stlth   ++........              (no amulet)
HPRegen 0.14/turn               t - +6 ring of intelligence
MPRegen 0.13/turn               u - ring of wizardry

@: on blink cooldown
A: large bone plates 3, weakness stinger 1
a: Renounce Religion


You were on level 4 of the Dungeon.
You worshipped Vehumet.
Vehumet was noncommittal.
You visited 2 branches of the dungeon, and saw 6 of its levels.
You also visited: Sewer.

You collected 138 gold pieces.
You spent 22 gold pieces at shops.

Inventory:

Hand Weapons
 l - a +1 rapier (weapon)
 q - a +0 dagger of distortion
Armour
 a - a +2 cloak of poison resistance (worn)
 b - a +0 robe (worn)
 c - a +0 hat (worn)
 k - a +0 cloak
Jewellery
 s - a ring of willpower
 t - a +6 ring of intelligence (left hand)
 u - a ring of wizardry (right hand)
 B - a ring of flight
Wands
 w - a wand of flame (26)
 A - a wand of paralysis (10)
Scrolls
 e - a scroll of identify
 f - a scroll of poison
 g - a scroll of enchant weapon
 i - a scroll of vulnerability
 j - 2 scrolls of teleportation
 x - a scroll of immolation {unknown}
 y - 2 scrolls of noise {unknown}
Potions
 d - 2 potions of magic
 h - 2 potions of heal wounds
 m - 2 potions of degeneration
 n - 2 potions of cancellation
 o - 2 potions of curing
 p - 2 potions of ambrosia
 r - 2 potions of attraction
 v - 2 potions of brilliance {unknown}
 z - 3 potions of flight


   Skills:
 + Level 2.3 Fighting
 + Level 3.0 Dodging
 + Level 3.1 Stealth
 * Level 4.6 Spellcasting
 * Level 3.9 Conjurations
 - Level 1.0 Summonings
 - Level 0.8 Translocations


You had 6 spell levels left.
You knew the following spells:

 Your Spells              Type           Power      Damage    Failure   Level
a - Magic Dart            Conj           92%        1d7       1%          1
b - Call Imp              Summ           9%         N/A       4%          2
c - Blink                 Tloc           18%        N/A       4%          2
d - Mephitic Cloud        Conj/Pois/Air  11%        N/A       7%          3

Your spell library contained the following spells:

 Spells                   Type           Power      Damage    Failure   Level
 Sandblast                Erth           10%        2d5       4%          1
 Slow                     Hex            20%        N/A       4%          1
 Sting                    Tmut/Pois      20%        1d4       4%          1
 Conjure Flame            Conj/Fire      14%        6-21      5%          3
 Stone Arrow              Conj/Erth      28%        3d8       5%          3
 Passwall                 Tmut/Erth      4%         N/A       6%          2
 Poisonous Vapours        Pois/Air       10%        N/A       6%          2
 Olgreb's Toxic Radiance  Pois           5%         N/A       36%         4


Dungeon Overview and Level Annotations

Branches:
Dungeon (5/15)             Temple (1/1) D:4           Sewer (visited)

Altars:
Ashenzari
Cheibriados
Dithmenos
Gozag
Hepliaklqana
Kikubaaqudgha
Makhleb
Nemelex Xobeh
Okawaru
Qazlal
Sif Muna
Uskayaw
Vehumet
Wu Jian
Xom
Yredelemnul

Shops:
D:3 !:?:[   D:4 *

Annotations:
D:2 Sigmund


Innate Abilities, Weirdness & Mutations

You are completely covered in large bone plates. (SH +8)
You have a small tail.


Message History

Casting: Magic Dart (safe; 1% risk of failure)
Confirm with . or Enter, or press ? or * to list all spells.
Aiming: Magic Dart (safe; 1% risk of failure)
Press: ? - help, Shift-Dir - straight line, f/p - ice beast
Aim: an ice beast (heavily wounded, not watching you, ally target, 100% to hit)
The magic dart hits the ice beast but does no damage.
The ice beast is heavily wounded.
Your crimson imp hits the ice beast.
The ice beast hits your crimson imp.
Your crimson imp dies!
Your crimson imp disappears in a puff of smoke!
Casting: Magic Dart (safe; 1% risk of failure)
Confirm with . or Enter, or press ? or * to list all spells.
Aiming: Magic Dart (safe; 1% risk of failure)
Press: ? - help, Shift-Dir - straight line, f/p - ice beast
Aim: an ice beast (severely wounded, 100% to hit)
The magic dart hits the ice beast.
The ice beast is severely wounded.
The ice beast hits you. The ice beast freezes you.
* * * LOW HITPOINT WARNING * * *
Casting: Magic Dart (safe; 1% risk of failure)
Confirm with . or Enter, or press ? or * to list all spells.
You blink.
Casting: Blink (safe; 4% risk of failure)
Confirm with . or Enter, or press ? or * to list all spells.
Aiming: Magic Dart (safe; 1% risk of failure)
Press: ? - help, Shift-Dir - straight line, f/p - ice beast
Aim: an ice beast (severely wounded, 100% to hit)
The magic dart hits the ice beast but does no damage.
The ice beast is severely wounded.
Casting: Magic Dart (safe; 1% risk of failure)
Confirm with . or Enter, or press ? or * to list all spells.
Aiming: Magic Dart (safe; 1% risk of failure)
Press: ? - help, Shift-Dir - straight line, f/p - ice beast
Aim: an ice beast (severely wounded, 100% to hit)
The magic dart hits the ice beast.
The ice beast is almost dead.
The ice beast attacks as you move away! The ice beast hits you.
* * * LOW HITPOINT WARNING * * *
The ice beast freezes you!
You die...

##### #...#
############# ######...#
#...........###.........
#.).........#...........
#.....Y@....#...........
#..>........'...........
###....######...........
###..# #.......†...
##.## ###....)....
#..#######.........
#.................#
##.########.#####..
#.................


You could see an ice beast.

Vanquished Creatures
  An iguana (D:4)
  Terence (D:2)
  2 orc wizards (D:4)
  12 adders
  3 gnolls
  3 river rats
  2 worms
  2 dart slugs
  9 orcs
  2 bats (D:3)
  3 endoplasms
  A giant cockroach (D:1)
  7 goblins
  7 hobgoblins
  3 jackals
  9 kobolds
  2 quokkas
  5 ball pythons
  5 frilled lizards
  11 rats
90 creatures vanquished.

Vanquished Creatures (collateral kills)
  A kobold brigand (Sewer)
  Crazy Yiuf (D:2)
  An adder (D:5)
  4 worms
  A dart slug (D:3)
  An endoplasm (D:2)
  A goblin (D:2)
10 creatures vanquished.

Grand Total: 100 creatures vanquished

Notes
Turn   | Place    | Note
-------+----------+-------------------------------------------
     0 | D:1      | Ashen the Demonspawn Hedge Wizard began the quest for the
                  | Orb.
     0 | D:1      | Reached XP level 1. HP: 13/13 MP: 4/4
    75 | D:1      | Found a faded altar of an unknown god.
   362 | D:1      | Gained mutation: You are partially covered in large bone
                  | plates. (SH +4) [demonic ancestry]
   362 | D:1      | Reached XP level 2. HP: 17/20 MP: 0/6
  1385 | D:1      | Learned a level 2 spell: Call Imp
  1388 | D:1      | Learned a level 2 spell: Blink
  1686 | D:2      | Found a runed translucent door.
  1688 | D:2      | Noticed Crazy Yiuf
  1874 | D:2      | Killed Crazy Yiuf
  1875 | D:2      | Reached skill level 1 in Fighting
  1875 | D:2      | Gained mutation: You are mostly covered in large bone
                  | plates. (SH +6) [demonic ancestry]
  1875 | D:2      | Reached XP level 3. HP: 16/26 MP: 2/7
  2228 | D:2      | Noticed Sigmund
  2304 | D:2      | Learned a level 3 spell: Mephitic Cloud
  2370 | D:2      | Reached XP level 4. HP: 27/32 MP: 5/9
  2439 | D:2      | Noticed Terence
  2464 | D:2      | Killed Terence
  3268 | D:3      | Found Buciuc's Book Shoppe.
  3592 | D:3      | Found Pureys's Book Shoppe.
  3594 | D:3      | Found Idiulirch's Magic Scroll Shop.
  3625 | D:3      | Bought a scroll of identify for 22 gold pieces
  3648 | D:3      | Gained mutation: You have a small tail. [demonic ancestry]
  3648 | D:3      | Reached XP level 5. HP: 37/37 MP: 3/10
  4012 | D:3      | Found Zuwaol's Distillery.
  4395 | D:3      | Reached skill level 4 in Spellcasting
  4569 | D:3      | Found Cemon's Armour Shop.
  4799 | D:4      | Found a staircase to the Ecumenical Temple.
  4820 | Temple   | Entered the Ecumenical Temple
  5157 | D:4      | Found Gozag's Platinum Reserve.
  5163 | D:4      | Found an opulent altar of Gozag.
  5366 | D:4      | Gained mutation: You are completely covered in large bone
                  | plates. (SH +8) [demonic ancestry]
  5366 | D:4      | Reached XP level 6. HP: 44/44 MP: 1/12
  5573 | D:4      | Found a radiant altar of Vehumet.
  5591 | D:4      | Became a worshipper of Vehumet
  5612 | D:4      | Found a shimmering altar of Xom.
  5645 | D:4      | Found an ancient bone altar of Kikubaaqudgha.
  5661 | D:4      | Found a shimmering altar of Xom.
  5664 | D:4      | Found a shimmering altar of Xom.
  5664 | D:4      | Found a shimmering altar of Xom.
  5666 | D:4      | Found a shimmering altar of Xom.
  5678 | D:4      | Found a shimmering altar of Xom.
  5906 | D:5      | Entered Level 5 of the Dungeon
  6162 | D:5      | Found a glowing drain.
  6167 | Sewer    | Entered a sewer
  6685 | D:5      | Found a stormy altar of Qazlal.
  6717 | D:5      | Noticed an ice beast
  6746 | D:4      | Slain by an ice beast

Illustrated notes

Levels and vault maps discovered:
D:1:      tarquinn_simple_flora_water_f, layout_loops_ring,
          basic_ecumenical_altar, chequers_arboretum, grunt_decor_fettered
D:2:      layout_basic, uniq_terence, uniq_sigmund, uniq_crazy_yiuf_cottage
D:3:      layout_loops_cross, tso_altar, serial_shops,
          nicolae_shop_advertising_works [nicolae_subvault_shop_adworks], shop,
          nicolae_shop_trees, shop, shop, chequers_serial_rivers_micro_e,
          kennysheep_minor_cross, roderic_serpentine_path
D:4:      layout_basic, lemuel_crystal_altar, xom_redecorated,
          nicolae_gozag_zags_fifth_avenue, mainiacjoe_overflow_paths,
          minmay_temple_entry_butterflies
D:5:      layout_loops_ring, lemuel_tele_altar, lightli_sewer_entry_pipes
Temple:   hellmonk_temple_flake

Skill      XL: |  1  2  3  4  5  6 |
---------------+-------------------+-----
Stealth        | 2 3 |  3.1
Fighting       | 1 2 |  2.3
Dodging        | 2 3 |  3.0
Conjurations   | 2 3 |  3.9
Spellcasting   | 4 |  4.6
Summonings     | |  1.0
Translocations | |  0.8

Action                   |  1- 3 |  4- 6 || total
-------------------------+-------+-------++-------
Melee: Dagger            |     9 |       ||     9
       Rapier            |    16 |   140 ||   156
       Tailslap          |       |    13 ||    13
 Cast: Magic Dart        |    67 |   147 ||   214
       Call Imp          |    10 |    13 ||    23
       Blink             |       |     2 ||     2
  Use: Scroll            |       |    11 ||    11
 Stab: Sleeping          |     1 |     4 ||     5
Armor: Robe              |     7 |    42 ||    49
Dodge: Dodged            |    18 |    86 ||   104
Block: Other             |     7 |    66 ||    73
